 Dungeon Crawl Stone Soup version 0.28.0-53-g5a82cb258f (webtiles) character file.

Game seed: 14338240527913837299

4393 CollectiveS the Basher (level 10, -2/67 (70) HPs)
             Began as a Demonspawn Fighter on June 19, 2022.
             Was an Initiate of Ashenzari.
             Slain by a gargoyle
             ... wielding a +0 flail
              (10 damage)
             ... on level 9 of the Dungeon.
             The game lasted 00:17:58 (9131 turns).

CollectiveS the Basher (Demonspawn Fighter)         Turns: 9131, Time: 00:17:59

HP:   -2/67 (70)    AC: 12    Str: 25    XL:     10   Next: 13%
MP:   10/10         EV: 10    Int: 12    God:    Ashenzari [......]
Gold: 435           SH:  4    Dex: 12    Spells: 9/9 levels left

rFire   . . .      SeeInvis .   u - +1 flail of the Ring {vorpal, *Rage rN+ Str+3 Int+3}
rCold   . . .      Faith    .   c - +0 buckler
rNeg    + . .      Spirit   .   z - +0 swamp dragon scales
rPois   +          Reflect  .   (no helmet)
rElec   .          Harm     .   (no cloak)
rCorr   .          Rampage  .   b - +0 pair of gloves
Will    +....      Rage     20% (no boots)
Stlth   +.........              (no amulet)
HPRegen 0.21/turn               s - ring of willpower
MPRegen 0.12/turn               (no ring)

@: mighty, lightly drained
A: hooves 2, thin metallic scales 2, ignite blood 1, powered by death 1
a: Renounce Religion, Curse Item


You were on level 9 of the Dungeon.
You worshipped Ashenzari.
Ashenzari was noncommittal.
You visited 2 branches of the dungeon, and saw 10 of its levels.

You collected 435 gold pieces.

Inventory:

Hand Weapons
 u - the +1 flail of the Ring (weapon) {vorpal, *Rage rN+ Str+3 Int+3}
   (You found it on level 5 of the Dungeon)

   It inflicts extra damage upon your enemies.
   Str:       It affects your strength (+3).
   Int:       It affects your intelligence (+3).
   rN:        It protects you from negative energy.
   *Rage:     It berserks you when you make melee attacks (+20% chance).
Missiles
 p - a boomerang of dispersal (quivered)
Armour
 b - a +0 pair of gloves (worn)
 c - a +0 buckler (worn)
 z - +0 swamp dragon scales (worn)
 A - a +0 pair of boots
Jewellery
 a - a ring of magical power
 r - a ring of fire
 s - a ring of willpower (left hand)
Wands
 x - a wand of iceblast (13)
Scrolls
 e - 2 scrolls of teleportation
 g - 2 scrolls of blinking
 h - a scroll of fog {unknown}
 j - a scroll of acquirement {unknown}
 k - a scroll of brand weapon {unknown}
 o - a scroll of summoning {unknown}
 q - a scroll of magic mapping
 t - a scroll of vulnerability {unknown}
 v - a scroll of immolation {unknown}
 y - a scroll of identify
 B - a scroll of silence {unknown}
 C - a scroll of enchant armour {unknown}
Potions
 d - a potion of might
 f - 3 potions of degeneration
 i - a potion of brilliance
 l - a potion of haste
 n - 2 potions of mutation


   Skills:
 - Level 3.3 Fighting
 + Level 13.2 Maces & Flails
 - Level 3.1 Armour
 - Level 2.9 Shields
 + Level 1.1 Evocations


You had 9 spell levels left.
You didn't know any spells.
Your spell library contained the following spells:

 Spells                   Type           Power      Damage    Failure   Level
 Sting                    Tmut/Pois      0%         1d3       54%         1
 Poisonous Vapours        Pois/Air       0%         N/A       69%         2
 Gell's Gravitas          Tloc           0%         N/A       89%         3
 Teleport Other           Tloc           0%         N/A       89%         3
 Olgreb's Toxic Radiance  Pois           0%         N/A       100%        4
 Dispersal                Tloc           0%         N/A       100%        6


Dungeon Overview and Level Annotations

Branches:
Dungeon (9/15)             Temple (1/1) D:7
   Lair: D:8-11         Orc: D:9-12

Altars:
Ashenzari
Cheibriados
Dithmenos
Elyvilon
Fedhas
Gozag
Kikubaaqudgha
Makhleb
Okawaru
Qazlal
Ru
Sif Muna
Trog
Vehumet
Wu Jian
Xom
Yredelemnul
Zin
The Shining One

Annotations:
D:4 2 transporters, raph's ghost, novice MfGl


Innate Abilities, Weirdness & Mutations

You have hoof-like feet.
You are mostly covered in thin metallic scales. (AC +3)
Your demonic aura sometimes causes spilled blood to erupt in flames.
You regenerate a little health from kills.


Message History

The gargoyle is lightly damaged.
You hit the gargoyle but do no damage.
You kick the gargoyle, but do no damage.
The gargoyle is lightly damaged.
The gargoyle closely misses you.
You hit the gargoyle but do no damage.
The gargoyle is lightly damaged.
The gargoyle hits you with a +0 flail.
You hit the gargoyle but do no damage.
The gargoyle is lightly damaged.
You closely miss the gargoyle.
The gargoyle is lightly damaged.
The gargoyle hurls a stone arrow at you.
The stone arrow hits you!
You barely miss the gargoyle.
You kick the gargoyle, but do no damage.
The gargoyle is lightly damaged.
The gargoyle hits you with a +0 flail.
You hit the gargoyle but do no damage.
You kick the gargoyle, but do no damage.
The gargoyle is lightly damaged.
The gargoyle hits you with a +0 flail!!
* * * LOW HITPOINT WARNING * * *
There is a stone staircase leading up, spattered with blood here.
You feel much better.
The gargoyle hurls a stone arrow at you.
The stone arrow hits you!!
* * * LOW HITPOINT WARNING * * *
Unknown command.
You feel better.
The gargoyle is engulfed in blazing flames.
The gargoyle hurls a stone arrow at you.
The stone arrow misses you.
You feel very mighty all of a sudden.
The gargoyle is engulfed in blazing flames.
The gargoyle hits you with a +0 flail!
* * * LOW HITPOINT WARNING * * *
Okay, then.
You feel better. The gargoyle hits you with a +0 flail!
You die...

#### ###...### ##.......#
### #######...^.^... #.#
#.#@##..........
##.####9###..........
#####..#.#.##........^...
#..##.#.#..#.............
####.######.......^..^^.^..
#....#..#..............^...
###.##.....................
#..#.#............^........
######..#...................


You could see a gargoyle.

Vanquished Creatures
  A death drake (D:8)
  An orb spider (D:8)
  Maggie (D:7)
  Eustachio (D:4)
  A steam dragon (D:7)
  A water moccasin (D:6)
  2 orc warriors
  3 sky beasts
  3 ice beasts
  A black bear (D:6)
  A necrophage (D:4)
  An ogre (D:7)
  2 centaurs
  A phantom (D:6)
  Blork the orc (D:4)
  3 bullfrogs
  2 scorpions
  4 wights (D:9)
  2 bullfrog zombies
  2 centaur zombies
  2 jellies
  5 orc priests
  2 hounds
  A centaur skeleton (D:7)
  A gnoll shaman (D:8)
  4 iguanas
  4 orc wizards
  A killer bee zombie (D:8)
  A hound zombie (D:5)
  A hound skeleton (D:5)
  A howler monkey zombie (D:9)
  A howler monkey skeleton (D:7)
  5 gnolls (D:8)
  7 adders
  A white imp (D:7)
  2 adder skeletons (D:4)
  2 worms
  7 dart slugs
  22 orcs
  4 ball pythons
  7 bats
  3 endoplasms
  3 giant cockroaches
  4 goblins
  4 hobgoblins
  4 jackals (D:3)
  2 kobolds (D:1)
  6 quokkas
  3 frilled lizards (D:1)
  5 rats
149 creatures vanquished.

Vanquished Creatures (others)
  2 fungi (D:2)
  A plant (D:2)
3 creatures vanquished.

Grand Total: 152 creatures vanquished

Notes
Turn   | Place    | Note
-------+----------+-------------------------------------------
     0 | D:1      | CollectiveS the Demonspawn Fighter began the quest for the
                  | Orb.
     0 | D:1      | Reached XP level 1. HP: 18/18 MP: 1/1
   111 | D:1      | Gained mutation: Your demonic aura sometimes causes spilled
                  | blood to erupt in flames. [demonic ancestry]
   111 | D:1      | Reached XP level 2. HP: 19/24 MP: 2/2
   218 | D:1      | Reached skill level 2 in Maces & Flails
   912 | D:1      | Reached XP level 3. HP: 28/29 MP: 3/3
  1564 | D:2      | Found a faded altar of an unknown god.
  2081 | D:3      | Reached skill level 3 in Maces & Flails
  2081 | D:3      | Gained mutation: You have large cloven feet. [demonic
                  | ancestry]
  2081 | D:3      | Reached XP level 4. HP: 32/35 MP: 4/4
  2332 | D:3      | Reached skill level 4 in Maces & Flails
  2336 | D:3      | Gained mutation: You are partially covered in thin metallic
                  | scales. (AC +2) [demonic ancestry]
  2336 | D:3      | Reached XP level 5. HP: 38/41 MP: 5/5
  3340 | D:4      | Noticed a centaur
  3622 | D:4      | Noticed Eustachio
  4091 | D:4      | Killed a centaur
  4092 | D:4      | Reached skill level 5 in Maces & Flails
  4092 | D:4      | Gained mutation: You have hoof-like feet. [demonic
                  | ancestry]
  4092 | D:4      | Reached XP level 6. HP: 19/47 MP: 6/6
  4424 | D:4      | Reached skill level 6 in Maces & Flails
  4496 | D:5      | Entered Level 5 of the Dungeon
  4649 | D:5      | Found a stormy altar of Qazlal.
  4649 | D:5      | Noticed a water elemental
  4652 | D:5      | Noticed an air elemental
  4653 | D:5      | Noticed a fire elemental
  4686 | D:4      | Noticed Blork the orc
  4701 | D:4      | Killed Blork the orc
  4975 | D:4      | Found a blossoming altar of Fedhas.
  5073 | D:4      | Killed Eustachio
  5074 | D:4      | Gained mutation: You are mostly covered in thin metallic
                  | scales. (AC +3) [demonic ancestry]
  5074 | D:4      | Reached XP level 7. HP: 49/52 MP: 7/7
  5122 | D:4      | Noticed raph's ghost (novice MfGl)
  5126 | D:4      | Found a transporter.
  5162 | D:4      | Found a transporter.
  5208 | D:4      | Reached skill level 7 in Maces & Flails
  5576 | D:5      | Identified the +1 flail of the Ring {vorpal, *Rage rN+
                  | Str+3 Int+3}
  5768 | D:5      | Found a basalt altar of Yredelemnul.
  5770 | D:5      | Found a shimmering blue altar of Sif Muna.
  5997 | D:5      | Reached skill level 8 in Maces & Flails
  6183 | D:6      | Found a sacrificial altar of Ru.
  6273 | D:6      | Gained mutation: You regenerate a little health from kills.
                  | [demonic ancestry]
  6273 | D:6      | Reached XP level 8. HP: 58/58 MP: 8/8
  6565 | D:6      | Found a snail-covered altar of Cheibriados.
  6577 | D:6      | Reached skill level 9 in Maces & Flails
  6635 | D:6      | Reached skill level 10 in Maces & Flails
  6879 | D:6      | You fall into a shaft and drop 1 floor!
  6910 | D:7      | Found a staircase to the Ecumenical Temple.
  6919 | Temple   | Entered the Ecumenical Temple
  6981 | Temple   | Became a worshipper of Ashenzari the Shackled
  7041 | D:7      | Reached XP level 9. HP: 64/64 MP: 9/9
  7295 | D:7      | Reached skill level 11 in Maces & Flails
  7312 | D:7      | Identified the +3 scale mail "Juoqu" {Dex+3}
  7478 | D:7      | Noticed Maggie
  7500 | D:7      | Killed Maggie
  7811 | D:7      | Reached skill level 12 in Maces & Flails
  8000 | D:8      | Noticed a two-headed ogre
  8069 | D:8      | Noticed an orb spider
  8069 | D:8      | a two-headed ogre changed into an orb spider
  8080 | D:8      | Killed an orb spider
  8341 | D:8      | Noticed a two-headed ogre
  8343 | D:8      | Noticed a death drake
  8343 | D:8      | a two-headed ogre changed into a death drake
  8471 | D:8      | Killed a death drake
  8472 | D:8      | Reached skill level 13 in Maces & Flails
  8472 | D:8      | Reached skill level 1 in Evocations
  8472 | D:8      | Reached XP level 10. HP: 30/70 MP: 10/10
  9104 | D:9      | Noticed a gargoyle
  9130 | D:9      | HP: 3/67 [gargoyle/+0 flail (14)]
  9131 | D:9      | Slain by a gargoyle

Illustrated notes

Levels and vault maps discovered:
D:1:      lightli_arrival_farm, layout_loops_cross
D:2:      layout_basic, shapermc_ecumenical_altar_ellora
D:3:      layout_basic, kennysheep_pointless_box, minmay_crystal_water,
          kennysheep_another_room, grunt_ministairs_5, interstate_on_off
D:4:      layout_basic, gammafunk_temple_overflow_pools, gammafunk_ghost_arena,
          hangedman_decor_lopped, uniq_eustachio, uniq_blork_the_orc
D:5:      layout_loops_ring, jmf_multi_god_temple,
          nicolae_qazlal_style_of_elements
D:6:      minmay_diamond_boxcup, layout_basic,
          mainiacjoe_overflow_small_starburst, kennysheep_mini
D:7:      layout_rooms, minmay_temple_entry_junction_2, uniq_maggie
D:8:      wander_river, layout_basic, corner_web_ring
D:9:      layout_big_octagon, minmay_holes
Temple:   regret_index_temple_waves

Skill      XL: |  1  2  3  4  5  6  7  8  9 |
---------------+----------------------------+-----
Maces & Flails | 2 3 4 5 6 8 10 13 | 13.2
Armour         | 3 |  3.1
Evocations     | 1 |  1.1
Fighting       | |  3.3
Shields        | |  2.9

Action                   |  1- 3 |  4- 6 |  7- 9 | 10-12 || total
-------------------------+-------+-------+-------+-------++-------
Melee: Flail             |   142 |   152 |   201 |    23 ||   518
       Kick              |       |    37 |    40 |     7 ||    84
Evoke: Wand              |       |       |     7 |       ||     7
  Use: Scroll            |       |       |    11 |     1 ||    12
       Potion            |       |       |       |     4 ||     4
Armor: Scale mail        |    31 |       |       |       ||    31
       Chain mail        |    64 |   134 |    77 |       ||   275
       Swamp dragon scal |       |       |    14 |     1 ||    15
Dodge: Dodged            |    54 |   102 |    43 |     6 ||   205
Block: Buckler           |    33 |    50 |    38 |     1 ||   122
